AoeStats
← gerardCapo

Arena

509857914Analyzed
1v1 RM · 5d ago on Sep 28, 2026· 43m 59s· 2 players
Game mode
Random Map
Map size
Tiny (2 player)
Population
200
Speed
Normal
Resources
Standard
Victory
Conquest
Starting age
Dark Age
Ending age
Imperial Age
RankedLock teamsTeams togetherTeam positionsShared explorationLock speedFull tech treeHidden civsTurbo modeCheats
Victory
Defeat
🇩🇪 Britons · Germany
806
+12
🇪🇸 Sicilians · Spain
725
-12
PhilippPommes
12:22 Feudal Age
13:23 Double-Bit Axe
13:42 Loom
17:04 Castle Age
16:10 Stone Mining
16:28 Horse Collar
16:44 Gold Mining
18:48 Bow Saw
18:11 Pikeman
20:35 Wheelbarrow
20:45 Gold Shaft Mining
22:15 Heavy Plow
23:47 Padded Archer Armor
23:38 Fletching
25:37 Leather Archer Armor
25:27 Bodkin Arrow
25:59 Ballistics
26:30 Murder Holes
32:53 Imperial Age
32:36 Heated Shot
33:36 Scale Mail Armor
33:47 Forging
34:13 Conscription
33:54 Man-at-Arms
34:35 Squires
34:20 Arson
35:21 Bracer
36:57 Chemistry
35:21 Long Swordsman
36:54 Hand Cart
36:24 Town Watch
36:22 Two-Handed Swordsman
36:50 Treadmill Crane
37:04 Champion
38:25 Iron Casting
38:06 Chain Mail Armor
40:10 Blast Furnace
39:41 Ring Archer Armor
40:30 Gambesons
42:19 Plate Mail Armor
42:08 Elite Longbowman
gerardCapo
9:56 Feudal Age
10:28 Double-Bit Axe
10:29 Horse Collar
21:56 Castle Age
25:34 Bow Saw
28:14 Heavy Plow
29:03 Squires
30:32 Stone Mining
30:39 Gold Mining
34:15 Imperial Age
33:53 Forging
33:44 Scale Mail Armor
33:35 Fletching
Connection lost

Rejoining the realm…

Still unreachable

The connection could not be restored.

Session expired

The server has moved on; the page needs a fresh start.